 Dungeon Crawl Stone Soup version 0.18.1-2-ga659475 (webtiles) character file.

251 oplop the Sneak (level 6, -1/28 HPs)
             Began as a Vine Stalker Enchanter on May 8, 2016.
             Killed from afar by an orc wizard (6 damage)
             ... with a puff of flame
             ... on level 3 of the Dungeon.
             The game lasted 00:03:59 (2153 turns).

oplop the Sneak (Vine Stalker Enchanter)            Turns: 2153, Time: 00:03:59

Health: -1/28      AC:  4    Str: 11    XL:     6   Next: 13%
Magic:  0/12       EV: 12    Int: 15    God:
Gold:   126        SH:  0    Dex: 16    Spells: 4 memorised, 2 levels left

rFire  . . .     SeeInvis .     a - +1 dagger
rCold  . . .     Gourm    .     b - +1 robe
rNeg   . . .     Faith    .     (no shield)
rPois  .         Spirit   +     s - +0 helmet
rElec  .         Dismiss  .     (no cloak)
rCorr  .         Reflect  .     (no gloves)
SustAt .         Harm     +     (no boots)
MR     .....                    q - amulet of harm
Stlth  +++.......               (no ring)
                                (no ring)

@: not resistant to hostile enchantments, fairly stealthy
A: fangs 2, regeneration 2, magic shield, antimagic bite, no device heal 3, rot
immunity
a: no special abilities


You were on level 3 of the Dungeon.
You were very hungry.

You visited 1 branch of the dungeon, and saw 3 of its levels.

You collected 126 gold pieces.

Inventory:

Hand Weapons
 a - a +1 dagger (weapon)
Missiles
 A - a throwing net (quivered)
Armour
 b - a +1 robe (worn)
 s - a +0 helmet (worn)
Jewellery
 j - an uncursed ring of fire {unknown}
 p - an uncursed amulet of guardian spirit
 q - an amulet of harm (around neck)
Scrolls
 e - 2 scrolls of recharging {unknown}
 f - a scroll of immolation {unknown}
 g - 2 scrolls of identify {unknown}
 h - a scroll of enchant weapon {unknown}
 m - 4 scrolls of remove curse {unknown}
 o - a scroll of teleportation {unknown}
 r - a scroll of enchant armour {unknown}
 y - a scroll of fog {unknown}
Potions
 i - 2 potions of brilliance {unknown}
 k - 2 potions of might {unknown}
 l - a potion of curing {unknown}
 n - 2 potions of haste {unknown}
 t - a potion of lignification {unknown}
 u - 3 potions of heal wounds {unknown}
 v - a potion of degeneration {unknown}
 x - a potion of ambrosia {unknown}
Books
 c - a book of Maledictions

   Spells                             Type                      Level
   a - Corona                         Hexes                        1
   b - Ensorcelled Hibernation        Hexes/Ice                    2
   c - Confuse                        Hexes                        3
   d - Tukima's Dance                 Hexes                        3
   e - Dazzling Spray                 Conjuration/Hexes            3
Comestibles
 d - 4 bread rations
 w - a beef jerky
 z - a chunk of flesh


   Skills:
 + Level 2.6 Short Blades
 - Level 1.5 Dodging
 + Level 5.2 Stealth
 + Level 3.4 Spellcasting
 + Level 4.3 Hexes


You had 2 spell levels left.
You knew the following spells:

 Your Spells              Type           Power        Failure   Level  Hunger
a - Corona                Hex            ###....      3%          1    None
b - Ensorcelled Hibernat  Hex/Ice        #.....       12%         2    ##.....
c - Confuse               Hex            ###.....     12%         3    ###....
d - Tukima's Dance        Hex            ###.....     12%         3    ###....


Dungeon Overview and Level Annotations

Branches:
Dungeon (3/15)

Altars:
The Shining One


Innate Abilities, Weirdness & Mutations

You have extremely sharp teeth.
You heal very quickly.
When hurt, damage is shared between your health and your magic reserves.
Your bite disrupts and absorbs the magic of your enemies.
Potions and wands cannot restore your health.
You are immune to rotting.


Message History

Aim: a gnoll (heavily wounded, chance to defeat MR: 54%) Nothing appears to happen.
Something hits you.
* * * LOW HITPOINT WARNING * * *
You closely miss something.
Something hits you but does no damage. x2
You are feeling very hungry.
Casting: Confuse
Confirm with . or Enter, or press ? or * to list all spells.
Aiming: Confuse
Press: ? - help, Shift-Dir - straight line, f/p - gnoll
Aim: a gnoll (heavily wounded, chance to defeat MR: 54%) Nothing appears to happen.
Something hits you but does no damage. Something hits you.
* * * LOW HITPOINT WARNING * * *
There is an open door here.
Something hits you.
* * * LOW HITPOINT WARNING * * *
You hear some strange, mumbled words.
A puff of flame appears from out of thin air!
The puff of flame hits you!
You die...

...g. #..# #......#.## #.#
.....##..# #......#..# #.#
...o.....# #..)...#..# #.#
.#.....#.# #......#..###.#
.#.....#.# #......#g...#.#
####...#>####......#..###.#
.#.....).)[##......#..###.#
.......###)##.....g'......#
####.## #o##..@.{.#..###(# #
#.###'#####..# #.#
.#####.###.### #..# #.#
#.............###.)###.######
#.#####......................
#####.#####..###.######
#............# ############.#
#.#


You could see a gnoll.

Vanquished Creatures
  An ice beast (D:3)
  An orc wizard (D:3)
  2 gnolls (D:3)
  4 adders
  2 worms (D:2)
  5 giant geckos
  3 orcs (D:3)
  6 bats
  2 giant cockroaches (D:2)
  4 goblins
  10 hobgoblins
  6 kobolds
  2 quokkas
  3 ball pythons (D:2)
  2 giant newts (D:1)
  6 rats
59 creatures vanquished.

Vanquished Creatures (collateral kills)
  An orc (D:3)
1 creature vanquished.

Vanquished Creatures (others)
  A dancing weapon (D:3)
1 creature vanquished.

Grand Total: 61 creatures vanquished

Notes
Turn   | Place    | Note
--------------------------------------------------------------
     0 | D:1      | oplop the Vine Stalker Enchanter began the quest for the Orb.
     0 | D:1      | Reached XP level 1. HP: 9/9 MP: 4/4
   112 | D:1      | Reached skill level 1 in Short Blades
   112 | D:1      | Reached XP level 2. HP: 13/13 MP: 6/6
   614 | D:1      | Reached XP level 3. HP: 11/16 MP: 5/7
   983 | D:2      | Reached skill level 4 in Stealth
   990 | D:2      | Learned a level 2 spell: Ensorcelled Hibernation
   994 | D:2      | Learned a level 3 spell: Confuse
  1152 | D:2      | Found a glowing golden altar of the Shining One.
  1336 | D:2      | Reached XP level 4. HP: 21/21 MP: 9/9
  1844 | D:3      | Noticed an ice beast
  1857 | D:3      | Killed an ice beast
  1857 | D:3      | Reached XP level 5. HP: 12/24 MP: 9/11
  1970 | D:3      | Reached skill level 5 in Stealth
  2016 | D:3      | Gained mutation: You heal very quickly. [Vine Stalker growth]
  2016 | D:3      | Reached XP level 6. HP: 25/28 MP: 4/12
  2055 | D:3      | Learned a level 3 spell: Tukima's Dance
  2153 | D:3      | Killed from afar by an orc wizard

Skill      XL: |  1  2  3  4  5 |
---------------+----------------+-----
Short Blades   | 1 2 |  2.6
Stealth        | 4 5 |  5.2
Spellcasting   | 3 |  3.4
Hexes          | 4 |  4.3
Dodging        | |  1.5

Action                   |  1- 3 |  4- 6 || total
-------------------------+-------+-------++-------
Melee: Dagger            |   112 |   102 ||   214
       Bite              |    16 |    26 ||    42
 Cast: Ensorcelled Hiber |     2 |    10 ||    12
       Corona            |     1 |       ||     1
       Confuse           |       |     5 ||     5
       Tukima's Dance    |       |     3 ||     3
 Stab: Sleeping          |    10 |     6 ||    16
       Confused          |       |     2 ||     2
  Eat: Pizza             |     1 |       ||     1
       Chunk             |       |     3 ||     3
Armor: Robe              |    16 |    28 ||    44
Dodge: Dodged            |    74 |    57 ||   131
